 Dungeon Crawl Stone Soup version 0.31-a0-175-g9f7f995f2b (webtiles) character file.

Game seed: 17106191237426441989

112 qw the Shooter (level 4, 0/28 HPs)
             Began as a Gargoyle Hunter on June 16, 2023.
             Slain by a goblin
             ... wielding a +0 club
             ... led by Robin
              (2 damage)
             ... on level 2 of the Dungeon.
             The game lasted 00:00:32 (1493 turns).

qw the Shooter (Gargoyle Hunter)                    Turns: 1493, Time: 00:00:33

Health: 0/28       AC:  6    Str: 14    XL:     4   Next: 95%
Magic:  4/4        EV: 11    Int: 10    God:
Gold:   94         SH:  0    Dex: 15    Spells: 3/3 levels left

rFire   . . .        Y - +0 shortbow
rCold   . . .        (shield currently unavailable)
rNeg    + . .        c - +0 leather armour
rPois   inf          (no helmet)
rElec   +            (no cloak)
rCorr   .            (no gloves)
SInv    .            (no boots)
Will    .....        (no amulet)
Stlth   ++           (no ring)
HPRegen 0.24/turn    (no ring)
MPRegen 0.09/turn

%: no passive effects
@: no status effects
A: sickness immunity, AC +3, negative energy resistance 1, electricity
resistance, torment resistance 1, petrification resistance
a: no special abilities


You were on level 2 of the Dungeon.
You visited 1 branch of the dungeon, and saw 2 of its levels.

You collected 94 gold pieces.


Innate Abilities, Weirdness & Mutations

You are immune to sickness and miasma.
Your stone body is resilient. (AC +3)
You are immune to poison.
You resist negative energy. (rN+)
You are resistant to electric shocks. (rElec)
You are resistant to unholy torment.
You are immune to petrification.


   Skills:
 - Level 3.4 Fighting
 + Level 5.5 Ranged Weapons
 - Level 1.5 Dodging
 - Level 1.1 Stealth


You had 3 spell levels left.
You didn't know any spells.
Your spell library was empty.

Inventory:

Hand Weapons
 Y - a +0 shortbow (weapon)
Armour
 b - a +0 ring mail
 c - a +0 leather armour (worn)
Jewellery
 f - an amulet of faith
Scrolls
 a - 2 scrolls of identify
 d - a scroll of summoning {unknown}
Potions
 e - a potion of ambrosia {unknown}
 g - a potion of mutation
 j - a potion of enlightenment {unknown}

Dungeon Overview and Level Annotations

Branches:
Dungeon (2/15)

Altars:


Message History

You shoot an arrow. The arrow closely misses the hobgoblin.
The goblin misses you. The hobgoblin hits you.
A goblin comes into view. It is wielding a +0 club.
You shoot an arrow. The arrow closely misses the hobgoblin.
The arrow hits Robin.
Robin is moderately wounded.
The goblin barely misses you.
The hobgoblin hits you but does no damage.
The goblin hits you with a +0 club. The hobgoblin misses you.
You shoot an arrow. The arrow hits the hobgoblin.
You kill the hobgoblin!
Robin roars a battlecry!
The goblins go into a battle-frenzy!
The goblin hits you with a +0 club.
You shoot an arrow.
The arrow hits the goblin but does no damage.
The goblin hits you with a +0 club.
You shoot an arrow. The arrow closely misses Robin.
The arrow hits the goblin.
You kill the goblin!
Robin hits you with a +0 falchion. The goblin misses you.
You shoot an arrow. The arrow hits Robin.
Robin is severely wounded.
The goblin misses you.
A goblin comes into view. It is wielding a +0 club.
You shoot an arrow. The arrow hits Robin!
You kill Robin!
The goblin hits you with a +0 club.
You shoot an arrow. The arrow closely misses the goblin.
The arrow hits the goblin!
You kill the goblin!
The goblin hits you with a +0 club. The goblin barely misses you.
The goblin closely misses you. The goblin hits you with a +0 club.
You shoot an arrow. The arrow closely misses the goblin.
The goblin hits you with a +0 club. The goblin barely misses you.
You shoot an arrow. The arrow hits the goblin.
The goblin is moderately wounded.
The goblin hits you with a +0 club. The goblin closely misses you.
You shoot an arrow. The arrow closely misses the goblin.
The goblin hits you but does no damage. The goblin hits you with a +0 club.
You die...

.#### #.# #.#
## #.# #.# #
#.# #.# # #)#
#.# # #.# #.#
# #.##### #.#
# #.....# #.#
# #####.# #g#
# #.# #@# #
#.# #g# # #.#
#)# #.# .)#
#.#.### #.#g
############.#
.............#
##############


You could see 2 goblins.

Vanquished Creatures
  Natasha (D:2)
  Terence (D:2)
  Robin (D:2)
  An adder (D:2)
  2 worms (D:2)
  2 endoplasms (D:1)
  2 giant cockroaches (D:1)
  8 goblins (D:2)
  6 hobgoblins (D:2)
  2 jackals (D:1)
  A quokka (D:2)
  A bat (D:2)
  2 frilled lizards
  5 kobolds
  3 rats
38 creatures vanquished.

Notes
Turn   | Place    | Note
-------+----------+-------------------------------------------
     0 | D:1      | qw the Gargoyle Hunter began the quest for the Orb.
     0 | D:1      | Reached XP level 1. HP: 12/12 MP: 1/1
     0 | D:1      | 0 ||| qw: Version: 0.2-a-29-g511e9b1
     0 | D:1      | 0 ||| qw: Game counter: 63
     0 | D:1      | 0 ||| qw: Always use a shield: true
     0 | D:1      | 0 ||| qw: God list: Okawaru
     0 | D:1      | 0 ||| qw: Allow faded altars: false
     0 | D:1      | 0 ||| qw: Do Orc after D:15 true
     0 | D:1      | 0 ||| qw: Do second Lair branch before Depths: true
     0 | D:1      | 0 ||| qw: Lair rune preference: random
     0 | D:1      | 0 ||| qw: Plans: Normal, Zot:1-4, Slime:5, God:TSO, Crypt,
                  | Tomb, Abyss, Pan, Hells, Win
     0 | D:1      | 0 ||| PLANNING D:1-11
   353 | D:1      | Reached XP level 2. HP: 17/17 MP: 2/2
   815 | D:1      | 815 ||| DROPPING ring of flight.
   816 | D:1      | 816 ||| READING 3 scrolls labelled POADUK UGAOCEIRA.
   817 | D:1      | 817 ||| READING scroll labelled JIUKHLOROGA.
   818 | D:1      | 818 ||| READING 3 scrolls labelled JITZERH UTEQA.
   819 | D:1      | 819 ||| READING scroll labelled ZITWAY NOLAIS.
   820 | D:1      | 820 ||| READING 2 scrolls of identify.
   820 | D:1      | 820 ||| IDENTIFYING yellow potion
   821 | D:1      | 821 ||| DROPPING scroll of butterflies.
   822 | D:1      | 822 ||| DROPPING 2 scrolls of amnesia.
  1080 | D:2      | Noticed Natasha
  1092 | D:2      | HP: 4/17 [cerulean imp/+1 spear[Natasha] (2)]
  1093 | D:2      | Killed Natasha
  1094 | D:2      | Reached skill level 5 in Ranged Weapons
  1094 | D:2      | Reached XP level 3. HP: 5/21 MP: 3/3
  1181 | D:2      | Reached XP level 4. HP: 27/27 MP: 4/4
  1211 | D:2      | Noticed Terence
  1227 | D:2      | Killed Terence
  1228 | D:2      | Reached skill level 3 in Fighting
  1477 | D:2      | Noticed Robin
  1479 | D:2      | 1479 ||| Stepping ~*~*~tactically~*~*~ (outnumbered).
  1489 | D:2      | Killed Robin
  1491 | D:2      | HP: 4/28 [goblin/+0 club[Robin] (5)]
  1493 | D:2      | Slain by a goblin

Levels and vault maps discovered:
D:1:      spicycebolla_arrival_clurvy, layout_basic, nrook_mini_vaults,
          minivault_27
D:2:      layout_basic, uniq_robin, uniq_natasha, uniq_terence

Skill      XL: |  1  2  3  4 |
---------------+-------------+-----
Ranged Weapons | 5 |  5.5
Fighting       | 3 |  3.4
Dodging        | |  1.5
Stealth        | |  1.1

Action                     |  1- 3 |  4- 6 || total
---------------------------+-------+-------++-------
   Fire: Shortbow          |    86 |    59 ||   145
    Use: Scroll            |     5 |       ||     5
 Armour: Leather armour    |     9 |     9 ||    18
  Dodge: Dodged            |    22 |    16 ||    38

Table legend:
 A = Non-vault XP
 B = Vault XP
 C = Vault XP percentage of total XP
 D = Non-vault monster count
 E = Vault monster count
 F = Vault count percentage of total count
                 A         B        C        D         E       F
            +---------+---------+-------+---------+---------+-------
      Total |      66 |      95 |  59.0 |      30 |       8 |  21.1
            +---------+---------+-------+---------+---------+-------
        D:1 |      19 |       0 |   0.0 |      13 |       0 |   0.0
        D:2 |      47 |      95 |  66.9 |      17 |       8 |  32.0
            +---------+---------+-------+---------+---------+-------
